 Dungeon Crawl Stone Soup version 0.30-a0-242-g7bf8e6d787 (webtiles) character file.

Game seed: 11826537666573470474

23 koil the Sneak (level 2, -1/13 HPs)
             Began as a Spriggan Enchanter on Oct 11, 2022.
             Slain by Robin
             ... wielding a +0 short sword
              (2 damage)
             ... on level 2 of the Dungeon.
             The game lasted 00:02:04 (911 turns).

koil the Sneak (Spriggan Enchanter)                  Turns: 911, Time: 00:02:04

Health: -1/13      AC:  2    Str:  4    XL:     2   Next: 75%
Magic:  6/6        EV: 17    Int: 16    God:
Gold:   65         SH:  0    Dex: 15    Spells: 6/6 levels left

rFire   . . .      SeeInvis +    a - +1 dagger
rCold   . . .      Faith    .    (no shield)
rNeg    . . .      Spirit   .    b - +0 robe
rPois   .          Reflect  .    (helmet restricted)
rElec   .          Harm     .    (no cloak)
rCorr   .          Rampage  .    (gloves unavailable)
Will    .....                    (boots unavailable)
Stlth   +++.......               (no amulet)
HPRegen 0.22/turn                (no ring)
MPRegen 0.10/turn                (no ring)

@: very quick
A: very small, no large weapons, unfitting armour, see invisible, speed 3
a: no special abilities


You were on level 2 of the Dungeon.
You visited 1 branch of the dungeon, and saw 2 of its levels.

You collected 65 gold pieces.

Inventory:

Hand Weapons
 a - a +1 dagger (weapon)
Missiles
 d - 4 curare-tipped darts (quivered)
 i - 2 poisoned darts
Armour
 b - a +0 robe (worn)
Scrolls
 g - a scroll of blinking {unknown}
 h - a scroll of teleportation {unknown}
Potions
 c - 2 potions of invisibility
 e - a potion of degeneration {unknown}
 f - a potion of heal wounds {unknown}
 j - a potion of curing {unknown}


   Skills:
 + Level 1.4 Short Blades
 + Level 2.8 Dodging
 + Level 5.1 Stealth
 + Level 2.8 Spellcasting
 + Level 4.1 Hexes


You had 6 spell levels left.
You didn't know any spells.
Your spell library contained the following spells:

 Spells                   Type           Power      Damage    Failure   Level
 Confusing Touch          Hex            15%        N/A       11%         3
 Tukima's Dance           Hex            15%        N/A       11%         3
 Ensorcelled Hibernation  Hex/Ice        16%        N/A       12%         2
 Dazzling Flash           Conj/Hex       16%        N/A       24%         3


Dungeon Overview and Level Annotations

Branches:
Dungeon (2/15)

Altars:

Annotations:
D:2 Robin


Innate Abilities, Weirdness & Mutations

You are very small and have problems with some larger weapons.
You are too small for most types of armour.
You have supernaturally acute eyesight. (SInv)
You cover ground extremely quickly. (Speed+++)


Message History

You see here 2 purple potions.
You see here a smoky blue potion.
Robin of the Strong Arm comes into view.
They are wielding a +0 short sword.
A hobgoblin comes into view.
You closely miss the frilled lizard.
The frilled lizard hisses angrily.
You hear a shout! x2
The frilled lizard misses you.
A goblin comes into view. It is wielding a +0 club.
Robin roars a battlecry!
The goblins go into a battle-frenzy!
You hear a shout! x3
The hobgoblin shouts!
You hear a shout!
You see here a smoky blue potion.
You see here 2 purple potions.
The frilled lizard misses you.
You see here a smoky blue potion.
You completely miss the frilled lizard. You hit the frilled lizard.
You kill the frilled lizard!
You barely miss the goblin. The goblin closely misses you.
Robin throws the goblin at you!
You hit the goblin.
The goblin is heavily wounded.
The goblin misses you. The goblin hits you with a +0 club.
A goblin comes into view. It is wielding a +0 club.
You closely miss the goblin.
The goblin is heavily wounded.
The goblin hits you but does no damage.
A hobgoblin comes into view.
The goblin hits you with a +0 club.
* * * LOW HITPOINT WARNING * * *
You hit the goblin.
You kill the goblin!
The goblin completely misses you.
A goblin comes into view. It is wielding a +0 club.
The goblin shouts!
You hit the goblin but do no damage.
You hear a shout!
The goblin closely misses you. Robin hits you with a +0 short sword.
You die...

........# g..g...#
......# .g...#
....## ....# #.#.#
#g#.# # #@#.##.#
#g#... #
####.#.#.####.#####
.......))...<.......
.###....#.##.#.#####
#....#.##.# #
#....#....#
......######
##.....#


You could see Robin and 3 goblins.

Vanquished Creatures
  A ball python (D:1)
  An endoplasm (D:1)
  A giant cockroach (D:1)
  5 goblins
  A hobgoblin (D:1)
  A quokka (D:1)
  A bat (D:1)
  3 frilled lizards
  2 kobolds
  7 rats (D:1)
23 creatures vanquished.

Notes
Turn   | Place    | Note
-------+----------+-------------------------------------------
     0 | D:1      | koil the Spriggan Enchanter began the quest for the Orb.
     0 | D:1      | Reached XP level 1. HP: 9/9 MP: 5/5
   253 | D:1      | Reached XP level 2. HP: 13/13 MP: 6/6
   698 | D:1      | Reached skill level 5 in Stealth
   900 | D:2      | Noticed Robin
   911 | D:2      | Slain by Robin

Illustrated notes

Levels and vault maps discovered:
D:1:      dpeg_arrival_water_temple_mockup, layout_basic, fountainhead,
          minmay_rat_gold_closets
D:2:      layout_basic, minmay_pentomino_o2, uniq_robin

Skill      XL: |  1  2 |
---------------+-------+-----
Hexes          | 4 |  4.1
Stealth        | 5 |  5.1
Short Blades   | |  1.4
Dodging        | |  2.8
Spellcasting   | |  2.8

Action                   || total
-------------------------++-------
Melee: Dagger            ||    57
       Punch             ||     3
 Stab: Sleeping          ||     9
Armor: Robe              ||     5
Dodge: Dodged            ||    26

Table legend: (Time is in decaauts)
 A = Elapsed time spent in this place.
 B = Non-inter-level travel time spent in this place.
 C = Inter-level travel time spent in this place.
 D = Time resting spent in this place.
 E = Time spent auto-exploring this place.
 F = Levels seen in this place.
 G = Mean time per level.
                   A        B        C        D        E       F      G
               +--------+--------+--------+--------+--------+-----+--------+
         Total |    605 |    587 |     18 |      0 |    457 |   2 |  302.5 |
       Dungeon |    605 |    587 |     18 |      0 |    457 |   2 |  302.5 |
               +--------+--------+--------+--------+--------+-----+--------+

Top non-repeatable levels by time:
     D:1: 585 daAuts
     D:2: 19 daAuts
